 Dungeon Crawl Stone Soup version 0.27-a0-1137-g3ef0f4ec91 (webtiles) character file.

Game seed: 14261065430925222663

45 kae the Slasher (level 3, 0/29 HPs)
             Began as a Demonspawn Abyssal Knight on May 6, 2021.
             Was a Follower of Lugonu.
             Hit by a stone thrown by a gnoll (2 damage)
             ... on level 2 of the Dungeon.
             The game lasted 00:00:38 (1797 turns).

kae the Slasher (Demonspawn Abyssal Knight)         Turns: 1797, Time: 00:00:39

Health: 0/29       AC:  6    Str: 13    XL:     3   Next: 42%
Magic:  4/4        EV: 10    Int: 13    God:    Lugonu [*.....]
Gold:   52         SH:  0    Dex: 12    Spells: 2/2 levels left

rFire    . . .     SeeInvis .   a - +1 falchion
rCold    . . .     Faith    .   (no shield)
rNeg     . . .     Spirit   .   i - +0 ring mail
rPois    .         Reflect  .   b - +0 helmet
rElec    .         Harm     .   (no cloak)
rCorr    .         Rampage  .   (no gloves)
Will     .....                  (no boots)
Stlth    +.........             (no amulet)
HPRegen  0.09/turn              (no ring)
MPRegen  0.09/turn              (no ring)

@: no status effects
A: hooves 2
a: Renounce Religion, Depart the Abyss


You were on level 2 of the Dungeon.
You worshipped Lugonu.
Lugonu was aware of your devotion.
You visited 1 branch of the dungeon, and saw 2 of its levels.
You visited the Abyss 1 time.

You collected 52 gold pieces.

Inventory:

Hand Weapons
 a - a +1 falchion (weapon)
Armour
 b - a +0 helmet (worn)
 i - a +0 ring mail (worn)
Scrolls
 c - a scroll of holy word {unknown}
 d - a scroll of identify {unknown}
 h - a scroll of enchant armour {unknown}
Potions
 e - a potion of brilliance {unknown}
 f - a potion of haste {unknown}
 g - a potion of mutation {unknown}


   Skills:
 - Level 3.0 Fighting
 + Level 3.5 Long Blades
 - Level 1.7 Armour
 - Level 0.8 Dodging
 - Level 2.4 Invocations


You had 2 spell levels left.
You didn't know any spells.
Your spell library was empty.

Dungeon Overview and Level Annotations

Branches:
Dungeon (2/15)

Altars:


Innate Abilities, Weirdness & Mutations

You have hoof-like feet.


Message History

You barely miss the gnoll. The gnoll closely misses you.
You hit the gnoll but do no damage. The gnoll hits you but does no damage.
The gnoll hits you from afar with a +0 spear.
There are monsters nearby!
You are too injured to fight recklessly!
You are too injured to fight recklessly!
There are monsters nearby!
You are too injured to fight recklessly!
You are too injured to fight recklessly!
There are monsters nearby!
You are too injured to fight recklessly!
You are too injured to fight recklessly!
You are too injured to fight recklessly!
You are too injured to fight recklessly!
Your ring mail prevents you from hitting the gnoll.
The gnoll closely misses you.
The gnoll hits you from afar with a +0 spear.
You hit the gnoll. You kick the gnoll.
The gnoll is severely wounded.
The gnoll barely misses you.
You riposte.
You hit the gnoll. Your kick misses the gnoll.
The gnoll is almost dead.
The gnoll closely misses you.
You closely miss the gnoll.
The gnoll is almost dead.
The gnoll hits you with a +0 flail.
The gnoll hits you from afar with a +0 spear.
You barely miss the gnoll. You kick the gnoll.
You kill the gnoll!
Lugonu accepts your kill.
The gnoll hits you from afar with a +0 spear.
* * * LOW HITPOINT WARNING * * *
The gnoll hits you with a +0 spear.
* * * LOW HITPOINT WARNING * * *
You see here a +0 flail.
The gnoll hits you but does no damage.
The gnoll throws a stone.
The stone misses you.
The gnoll throws a stone.
The stone barely misses you.
The gnoll throws a stone.
The stone hits you.
You die...

################# ###
................. ..#
#########..###### #.#
#..#########.#
#########........ ...####
............#######......
#...........## #.....#
#......##....###.....######
........#..#....@....gg...#
.............###.....####.#
........#.#### #.....#
..........# ###.###
##....##### #.# ##รท.## #.#
#..# #.# #..# #.# #..#


You could see 2 gnolls.

Vanquished Creatures
  A gnoll (D:2)
  3 worms (D:2)
  A dart slug (D:2)
  4 endoplasms
  A goblin (D:2)
  3 hobgoblins
  A kobold (D:2)
  A quokka (D:1)
  3 ball pythons (D:1)
  A bat (D:1)
  4 frilled lizards
  3 rats (D:1)
26 creatures vanquished.

Vanquished Creatures (others)
  2 starspawn tentacles (Abyss:1)
2 creatures vanquished.

Grand Total: 28 creatures vanquished

Notes
Turn   | Place    | Note
-------+----------+-------------------------------------------
     0 | Abyss:1  | kae the Demonspawn Abyssal Knight began the quest for the
                  | Orb.
     0 | Abyss:1  | Reached XP level 1. HP: 18/18 MP: 2/2
    42 | Abyss:1  | Noticed a tentacled starspawn
    48 | Abyss:1  | Noticed a starcursed mass
    53 | D:1      | Escaped the Abyss
   738 | D:1      | Reached * piety under Lugonu
   739 | D:1      | Gained mutation: You have large cloven feet. [demonic
                  | ancestry]
   739 | D:1      | Reached XP level 2. HP: 24/24 MP: 3/3
   919 | D:1      | Found a faded altar of an unknown god.
  1198 | D:2      | Gained mutation: You have hoof-like feet. [demonic
                  | ancestry]
  1198 | D:2      | Reached XP level 3. HP: 11/29 MP: 4/4
  1791 | D:2      | HP: 1/29 [gnoll/+0 spear (5)]
  1797 | D:2      | Hit by a stone thrown by a gnoll

Illustrated notes

Levels and vault maps discovered:
D:1:      evilmike_arrival_plus, layout_loops_cross,
          ebering_ecumenical_altar_abandoned
D:2:      layout_loops_ring, basic_altar, uniq_robin

Skill      XL: |  1  2 |
---------------+-------+-----
Long Blades    | 2 3 |  3.5
Fighting       | |  3.0
Armour         | |  1.7
Dodging        | |  0.8
Invocations    | |  2.4

Action                   || total
-------------------------++-------
Melee: Falchion          ||    59
       Kick              ||    12
Invok: Depart the Abyss  ||     1
Armor: Leather armour    ||    15
       Ring mail         ||     5
Dodge: Dodged            ||    41
       Rpst.: Falchion   ||    16

Table legend: (Time is in decaauts)
 A = Elapsed time spent in this place.
 B = Non-inter-level travel time spent in this place.
 C = Inter-level travel time spent in this place.
 D = Time resting spent in this place.
 E = Time spent auto-exploring this place.
 F = Levels seen in this place.
 G = Mean time per level.
                   A        B        C        D        E       F      G
               +--------+--------+--------+--------+--------+-----+--------+
         Total |   1806 |   1776 |     30 |      0 |   1579 |   3 |  602.0 |
       Dungeon |   1753 |   1723 |     30 |      0 |   1537 |   2 |  876.5 |
         Abyss |     53 |     53 |      0 |      0 |     42 |   1 |   53.0 |
               +--------+--------+--------+--------+--------+-----+--------+

Top non-repeatable levels by time:
     D:1: 1005 daAuts
     D:2: 747 daAuts
 Abyss:1: 53 daAuts
